Map: Catalyst LE

Players

DnS

  • Race: Protoss Protoss
  • Spawn Location: 11:00

Stats - Winner!

  • Race: Protoss Protoss
  • Spawn Location: 5:00

Event: IEM Season 12 - Katowice

VOD

Have the link to the VOD?

Description

Time

  • Played on: Feb. 26, 2018, 5:43 a.m.
  • Length: 8:58

All games in this series

Show
View Real Time Build Order
Export as new Build Order

DnS Protoss 

Build Orders: Phoenix Opening, Zealot Archon 

Get SALT Encoding   

  12  0:00  Probe  
  13  0:12  Probe  
  14  0:17  Pylon  
  14  0:24  Probe (Chrono Boost)  
  15  0:36  Probe (Chrono Boost)  
  15  0:40  Gateway  
  16  0:44  Probe (Chrono Boost)  
  16  0:46  Assimilator  
  17  0:51  Probe (Chrono Boost)  
  17  0:55  Assimilator  
  18  1:03  Probe (Chrono Boost)  
  19  1:11  Probe (Chrono Boost)  
  20  1:14  Gateway  
  20  1:17  Probe  
  21  1:27  Cybernetics Core  
  21  1:29  Probe  
  22  1:36  Pylon  
  22  1:41  Probe  
  23  1:54  Probe  
  24  2:04  Warp Gate, Sentry, Stalker  
  28  2:13  Pylon  
  28  2:28  Pylon  
  28  2:32  Sentry  
  28  2:33  Stalker  
  32  2:39  Probe  
  33  2:48  Nexus  
  33  3:00  Sentry  
  33  3:03  Stalker  
  37  3:09  Probe, Pylon  
  37  3:10  Phoenix  
  37  3:12  Shield Battery  
  38  3:22  Probe  
  39  3:27  Robotics Facility  
  39  3:34  Probe  
  40  3:41  Shield Battery  
  40  3:46  Probe (Chrono Boost)  
  41  3:53  Phoenix  
  41  3:58  Probe (Chrono Boost)  
  42  4:03  Forge  
  42  4:05  Probe (Chrono Boost)  
  42  4:07  Probe (Chrono Boost)  
  44  4:13  Probe (Chrono Boost)  
  44  4:15  Probe (Chrono Boost), Warp Prism  
  48  4:20  Probe (Chrono Boost)  
  49  4:27  Probe (Chrono Boost)  
  50  4:32  Probe (Chrono Boost)  
  50  4:33  Adept  
  50  4:34  Adept  
  56  4:40  Probe (Chrono Boost)  
  56  4:41  Probe (Chrono Boost)  
  56  4:44  Protoss Ground Weapons Level 1 (Chrono Boost)  
  57  4:46  Probe  
  57  4:49  Probe  
  59  4:54  Observer  
  59  4:58  Probe  
  61  5:01  Probe, Pylon  
  61  5:02  Assimilator  
  61  5:04  Assimilator  
  62  5:08  Pylon, Twilight Council  
  62  5:19  Probe x2  
  62  5:23  Adept  
  62  5:24  Adept  
  63  5:31  Probe  
  63  5:32  Probe  
  60  5:44  Probe (Chrono Boost)  
  60  5:45  Probe (Chrono Boost)  
  61  5:55  Adept x2  
  61  5:56  Probe (Chrono Boost)  
  64  6:00  Probe (Chrono Boost)  
  64  6:02  Probe (Chrono Boost)  
  61  6:08  Probe (Chrono Boost)  
  62  6:16  Probe (Chrono Boost)  
  62  6:19  Probe (Chrono Boost)  
  62  6:21  Protoss Ground Weapons Level 2 (Chrono Boost)  
  62  6:24  Probe (Chrono Boost)  
  64  6:28  Probe (Chrono Boost)  
  64  6:31  Probe (Chrono Boost), Templar Archives  
  65  6:35  Probe (Chrono Boost)  
  65  6:36  Probe (Chrono Boost), Charge  
  67  6:44  Pylon, Immortal  
  67  6:46  Probe  
  72  6:48  Probe  
  73  7:04  Gateway  
  73  7:05  Gateway  
  73  7:07  Zealot  
  73  7:08  Zealot  
  71  7:16  Probe x2  
  71  7:17  Gateway  
  67  7:33  Warp Prism (Chrono Boost)  
  69  7:39  High Templar x2  
  69  7:41  Gateway  
  69  7:44  Archon, Gateway  
  69  7:45  Gateway  
  69  7:51  Probe  
  70  8:03  Immortal (Chrono Boost)  
  70  8:07  High Templar x2  
  70  8:11  Archon  
  78  8:14  Pylon  
  78  8:16  Pylon, Nexus  
  78  8:19  Pylon  
  74  8:36  High Templar x3  
  74  8:40  Zealot, Archon, High Templar  
  74  8:41  Zealot x3  
  90  8:44  Archon  
Show
View Real Time Build Order
Export as new Build Order

Stats Protoss - Winner!

Build Orders: Phoenix Opening, Zealot Archon 

Get SALT Encoding   

  12  0:00  Probe  
  13  0:12  Probe  
  14  0:17  Pylon  
  14  0:25  Probe (Chrono Boost)  
  15  0:37  Probe (Chrono Boost), Gateway  
  16  0:45  Probe (Chrono Boost)  
  16  0:46  Assimilator  
  17  0:51  Probe  
  17  0:55  Assimilator  
  18  1:03  Probe (Chrono Boost)  
  19  1:08  Gateway  
  19  1:13  Probe (Chrono Boost)  
  19  1:18  Probe (Chrono Boost)  
  20  1:25  Cybernetics Core  
  21  1:29  Probe  
  22  1:36  Pylon  
  22  1:41  Probe  
  23  1:54  Probe  
  23  1:59  Warp Gate (Chrono Boost)  
  24  2:02  Sentry, Stalker  
  28  2:13  Pylon  
  28  2:24  Pylon  
  28  2:34  Stalker x2  
  32  2:52  Nexus  
  32  3:05  Sentry x2  
  36  3:07  Phoenix  
  36  3:09  Probe  
  36  3:12  Pylon  
  37  3:21  Probe  
  37  3:24  Robotics Facility  
  38  3:33  Probe  
  39  3:46  Probe  
  40  3:56  Adept x2  
  40  3:58  Probe (Chrono Boost)  
  45  4:04  Probe (Chrono Boost)  
  45  4:09  Probe (Chrono Boost)  
  47  4:11  Warp Prism (Chrono Boost)  
  47  4:13  Probe (Chrono Boost)  
  47  4:15  Probe (Chrono Boost)  
  51  4:19  Forge  
  51  4:20  Probe  
  52  4:24  Probe  
  53  4:32  Probe  
  53  4:36  Probe  
  55  4:41  Observer (Chrono Boost)  
  55  4:42  Pylon  
  55  4:44  Probe  
  57  4:48  Probe  
  57  4:50  Protoss Ground Weapons Level 1 (Chrono Boost)  
  57  4:51  Assimilator  
  58  4:53  Assimilator  
  58  4:56  Probe  
  58  4:57  Pylon  
  58  4:59  Immortal (Chrono Boost)  
  59  5:00  Probe  
  64  5:08  Probe  
  64  5:10  Pylon  
  64  5:12  Probe  
  66  5:23  Adept x2  
  70  5:31  Immortal  
  71  5:39  Probe x2  
  71  5:45  Adept x2  
  71  5:47  Twilight Council  
  75  5:54  Probe  
  75  5:55  Probe  
  73  6:11  Immortal  
  75  6:13  Gateway  
  75  6:14  Gateway  
  75  6:16  Gateway  
  73  6:20  Gateway  
  73  6:25  Pylon, Charge  
  73  6:31  Pylon  
  73  6:36  Protoss Ground Weapons Level 2 (Chrono Boost)  
  73  6:41  Gateway  
  73  6:42  Gateway  
  73  6:44  Templar Archives  
  73  6:50  Zealot x2  
  76  7:16  Zealot x4  
  76  7:17  Zealot x2  
  88  7:35  Probe x2  
  88  7:37  High Templar x4  
  88  7:39  Zealot x3  
  99  7:44  Pylon  
  99  7:46  Archon x2  
  99  7:48  Zealot  
  101  7:52  Probe  
  101  7:54  Pylon  
  101  7:55  Pylon  
  102  8:07  Probe  
  102  8:08  Probe, Nexus  
  104  8:13  Pylon  
  104  8:20  High Templar x4  
  104  8:24  Archon x2  
  104  8:26  Zealot x2  
  116  8:31  Zealot x2  
  118  8:49  Zealot x2  
  118  8:52  Zealot  
  118  8:53  Zealot x3  

Tags
 
Add a new tag
Caveats
  • Supply blocks, unpowered buildings, or Contaminate may cause inaccurate times.
  • Supply counts are checked every 10 seconds.